Cogmind - Beta 11.1 @@@ ROGUE MODE // 2022.05.02 @ 14:51:54 Player: Olga Result: Destroyed self via exploding Fusion Modulator Performance ------------- Evolutions (1) 500 Regions Visited (2) 400 Robots Destroyed (2) 10 Value Destroyed (32) 32 Prototype IDs (0) 0 Alien Tech Used (0) 0 Bonus (200) 200 TOTAL SCORE: 1142 Bonus ------- Pacifist 200 Cogmind --------- Core Integrity 0/400 Matter 280/300 Energy 94/100 System Corruption 2% Temperature Cool (12) Movement Core (50) Location -9/Materials Parts ------- > --- POWER (1) -------- (None) > --- PROPULSION (2) --- (None) > --- UTILITY (4) ------ Weapon Shielding > --- WEAPON (2) ------- Mini Grenade Launcher > --- INVENTORY (5) ---- Light Treads Light Treads Wheel Mini Grenade Launcher Mini Grenade Launcher Peak State ------------ > --- POWER ------------ Light Ion Engine > --- PROPULSION ------- Hover Unit Hover Unit > --- UTILITY ---------- Weapon Shielding > --- WEAPON ----------- (None) > --- INVENTORY -------- Light Treads Light Treads Wheel [Rating: 4] Favorites ----------- Power Light Ion Engine Engine Light Ion Engine Propulsion Hover Unit Hover Unit Hover Unit Utility Weapon Shielding Protection Weapon Shielding Weapon Light Assault Rifle Ballistic Gun Light Assault Rifle Launcher Mini Grenade Launcher Build | -11 -10 -9 ------- Run | Scr Mat Mat Slots Evolved 2 | . . 2 Power . | . . . Propulsion . | . . . Utility 2 | . . 2 Weapon . | . . . Parts Attached 6 | . 1 5 Power 1 | . . 1 Engine 1 | . . 1 Core . | . . . Reactor . | . . . Propulsion 2 | . . 2 Treads . | . . . Leg . | . . . Wheel . | . . . Hover 2 | . . 2 Flight . | . . . Utility 1 | . . 1 Device . | . . . Storage . | . . . Processor . | . . . Hackware . | . . . Protection 1 | . . 1 Artifact . | . . . Weapon 2 | . 1 1 Energy Gun . | . . . Energy Cannon . | . . . Ballistic Gun 1 | . 1 . Ballistic Cannon . | . . . Launcher 1 | . . 1 Special Weapon . | . . . Impact Weapon . | . . . Slashing Weapon . | . . . Piercing Weapon . | . . . Special Melee Weapon . | . . . Unidentified Prototypes . | . . . Parts Lost 4 | . . 4 Power 1 | . . 1 Propulsion 2 | . . 2 Utility . | . . . Weapon 1 | . . 1 Highest Loss Streak 4 | . . 4 To Critical Strikes . | . . . Average Slot Usage (%) 17 | . 14 18 Engine 2 | . . 2 Hover 4 | . . 5 Protection 2 | . . 3 Ballistic Gun 7 | . 14 5 Naked Turns 2 | . 2 . Heaviest Build 4 | . 1 4 Greatest Support 12 | 3 3 12 Greatest Overweight (x) 1 | . . 1 Average Overweight (x) . | . . . Largest Inventory Capacity 5 | . 5 5 Average Capacity 5 | . 5 5 Most Carried 5 | . 5 5 Average Carried 3 | . 4 3 Final Capacity 5 | 5 5 5 Final Carried 5 | 5 4 5 Class Distribution -------------------- 100% | Mutant Dominant Class ---------------- Mutant | -10/Materials Mutant | -9/Materials Resources | -11 -10 -9 ----------- Run | Scr Mat Mat Matter Collected 224 | 200 . 24 Remotely . | . . . Salvage Created 97 | . . 97 Parts 4 | . . 4 Haulers Intercepted . | . . . Recyclers Shooed . | . . . Parts Field Recycled . | . . . Retrieved Matter . | . . . Parts Self-Destructed . | . . . Prevented . | . . . Kills | -11 -10 -9 ------- Run | Scr Mat Mat Combat Hostiles Destroyed . | . . . Classes Destroyed 2 | . . 2 Recycler 1 | . . 1 Operator 1 | . . 1 Best Kill Streak 1 | . . 1 Combat Bots Only . | . . . Max Kills in Single Turn 1 | . . 1 Gunslinging . | . . . Exploded . | . . . Melee . | . . . Uniques/NPCs Destroyed . | . . . Combat | -11 -10 -9 -------- Run | Scr Mat Mat Damage Taken 786 | . 104 682 Core 524 | . 47 477 Absorbed by Shields . | . . . Redirected to Shielding 18 | . . 18 Core Remaining (%) 90 | 100 81 . Volleys Fired 6 | . . 6 Largest 1 | . . 1 Hottest 30 | . . 30 Shots Fired 6 | . . 6 Gun 5 | . . 5 Cannon . | . . . Launcher 1 | . . 1 Special . | . . . Kinetic 5 | . . 5 Thermal . | . . . Explosive 1 | . . 1 Electromagnetic . | . . . Robot Hit Streak 3 | . . 3 Robot Miss Streak 2 | . . 2 Penetration Max . | . . . Secondary Targets . | . . . Shots Hit Robots 4 | . . 4 Core Hits 5 | . . 5 Critical Kills . | . . . Critical Parts Destroyed . | . . . Critical Strikes . | . . . Melee Attacks . | . . . Impact . | . . . Slashing . | . . . Piercing . | . . . Sneak Attacks . | . . . Combat Hostiles . | . . . Follow-up Attacks . | . . . Damage Inflicted 113 | . . 113 Guns 30 | . . 30 Cannons . | . . . Explosions 70 | . . 70 Melee . | . . . Ramming 13 | . . 13 Kinetic 30 | . . 30 Thermal . | . . . Explosive 70 | . . 70 Electromagnetic . | . . . Impact . | . . . Slashing . | . . . Piercing . | . . . Highest Corruption 2 | . . 2 Average Corruption 1 | . . 1 Corruption Purged . | . . . Corruption Blocked . | . . . Effects 1 | . . 1 Energy Discharges 1 | . . 1 Overload Shots . | . . . Overflow Damage . | . . . Projectiles . | . . . Explosions . | . . . Melee . | . . . Knockbacks . | . . . Impact . | . . . Kinetic . | . . . Secondary . | . . . Self-Inflicted Damage 90 | . . 90 Shots 1 | . . 1 Rammed 6 | . . 6 Targets Rammed 6 | . . 6 Kicked . | . . . Crushed . | . . . Highest Temperature 1 | . . 1 Average Temperature 1 | . . 1 Received Heat Transfer 273 | . 54 219 Siege Activations . | . . . Robots Corrupted . | . . . Combat Hostiles . | . . . Parts Fried . | . . . Impact Corruptions . | . . . Robots Melted . | . . . Combat Hostiles . | . . . Parts Melted . | . . . Heat Transferred . | . . . Parts Sabotaged . | . . . Parts Stolen . | . . . Parts Stripped . | . . . Power Chain Reactions . | . . . Missiles Intercepted . | . . . Alert | -11 -10 -9 ------- Run | Scr Mat Mat Peak Influence 121 | . 26 121 Initial 10 | . . 10 Average 48 | . 8 60 Maximum Alert Level . | . . . Low Security (%) 100 | . 100 100 Level 1 . | . . . Level 2 . | . . . Level 3 . | . . . Level 4 . | . . . Level 5 . | . . . High Security . | . . . Max Security . | . . . Squads Dispatched 5 | . 2 3 Investigation 2 | . 2 . Extermination . | . . . Reinforcement 3 | . . 3 Assault . | . . . Garrison . | . . . Intercept . | . . . Searches Triggered . | . . . Construction Impeded . | . . . Haulers Reinforced . | . . . Active Scanning Responses . | . . . Cargo Convoy Interrupts . | . . . Stealth | -11 -10 -9 --------- Run | Scr Mat Mat Distress Signals . | . . . Communications Jammed . | . . . Distress Signals . | . . . Times Spotted 15 | . 5 10 Peak Tracking Total 6 | . 5 6 Tactical Retreats . | . . . Traps | -11 -10 -9 ------- Run | Scr Mat Mat Traps Triggered 3 | . 1 2 Indirectly . | . . . Trap Hack Attempts . | . . . Triggered . | . . . Disarmed . | . . . Reprogrammed . | . . . Reused . | . . . Traps Extracted . | . . . Installed . | . . . Triggered . | . . . Machines | -11 -10 -9 ---------- Run | Scr Mat Mat Machines Disabled 1 | . . 1 Max in Single Turn 1 | . . 1 Machines Sabotaged . | . . . Garrisons Compromised . | . . . Overloaded Fab Kills . | . . . Hacking | -11 -10 -9 --------- Run | Scr Mat Mat Machines Accessed 2 | . 2 . Terminals 2 | . 2 . Fabricators . | . . . Repair Stations . | . . . Recycling Units . | . . . Scanalyzers . | . . . Garrison Access . | . . . Total Hacks 5 | . 5 . Successful 3 | . 3 . Failed 2 | . 2 . Catastrophic . | . . . Database Lockouts . | . . . Manual 4 | . 4 . Terminals 5 | . 5 . Fabricators . | . . . Repair Stations . | . . . Recycling Units . | . . . Scanalyzers . | . . . Garrison Access . | . . . Terminal Hacks 2 | . 2 . Terminal Index 1 | . 1 . Zone Layout 1 | . 1 . Fabricator Hacks . | . . . Repair Station Hacks . | . . . Recycling Unit Hacks . | . . . Scanalyzer . | . . . Garrison Access Hacks . | . . . Unauthorized Hacks 1 | . 1 . Terminals 1 | . 1 . Botnet 1 | . 1 . Fabricators . | . . . Repair Stations . | . . . Recycling Units . | . . . Scanalyzers . | . . . Garrison Access . | . . . Data Cores Recovered . | . . . Used . | . . . Hacking Detections 2 | . 2 . Full Trace Events 1 | . 1 . Feedback Events . | . . . Feedback Blocked . | . . . Robot Schematics Acquired . | . . . Robots Built . | . . . Authchips . | . . . Time . | . . . Total Robot Build Rating . | . . . Part Schematics Acquired . | . . . Parts Built . | . . . Authchips . | . . . Time . | . . . Total Part Build Rating . | . . . Parts Repaired . | . . . Time . | . . . Parts Recycled . | . . . Recycled Matter . | . . . Retrieved Matter . | . . . Retrieved Components . | . . . Parts Scanalyzed . | . . . Part Schematics Acquired . | . . . Parts Damaged . | . . . Bothacking | -11 -10 -9 ------------ Run | Scr Mat Mat Used RIF Installer . | . . . Robots Hacked . | . . . Non-combat . | . . . Combat . | . . . Robot Hacks Applied . | . . . Relay Couplers Released . | . . . Fabnet Peak Effective % . | . . . Robots Rewired . | . . . Allies Hacked . | . . . Hacks Repelled . | . . . Allies | -11 -10 -9 -------- Run | Scr Mat Mat Total Allies . | . . . Largest Group . | . . . Highest-Rated Group . | . . . Highest-Rated Ally . | . . . Total Orders . | . . . Ally Attacks . | . . . Total Damage . | . . . Kills . | . . . Allies Corrupted . | . . . Allies Melted . | . . . Intel | -11 -10 -9 ------- Run | Scr Mat Mat Robot Analysis Total . | . . . Derelict Logs Recovered . | . . . Drone Launches . | . . . Drone Recoveries . | . . . Exploration | -11 -10 -9 ------------- Run | Scr Mat Mat Turns Passed 153 | . 37 116 Spaces Moved 237 | 1 71 165 Core 187 | 1 71 115 Treads . | . . . Legs . | . . . Wheels . | . . . Hover 50 | . . 50 Flight . | . . . Fastest Speed 50 | 50 50 50 Average Speed 52 | 50 50 53 Slowest Speed 100 | 50 50 100 Overloaded Moves . | . . . Propulsion Burnouts . | . . . Robots Hopped . | . . . Cave-ins Triggered . | . . . Exploration Rate (%) 15 | 2 23 20 Regions Visited 2 Branch Regions . Pre-discovered Areas . | . . . Known Exits Taken . | . . . Unknown Exits Taken 2 | 1 1 . Scrap Searched . | . . . Spaces Dug . | . . . Terrain Destroyed 17 | . . 17 Melee . | . . . Projectile . | . . . AOE 17 | . . 17 Terrain Rammed . | . . . Walls Destroyed . | . . . Machines Disabled . | . . . Actions | -11 -10 -9 --------- Run | Scr Mat Mat Total 255 | . 71 184 Wait . | . . . Move 235 | . 70 165 Hop . | . . . Pick Up 2 | . . 2 Fast Attach 4 | . . 4 Attach 2 | . 1 1 Detach . | . . . Swap . | . . . Drop . | . . . Fire 6 | . . 6 Melee . | . . . Ram 6 | . . 6 Kick . | . . . Crush . | . . . Escape Stasis . | . . . Rewire . | . . . Trap . | . . . Miscellaneous . | . . . Route ------- -11/Scrapyard -10/Materials -9/Materials History --------- Turn | Location | Event 1 | -11/Scrapyard | Released all parts (6) 1 | -11/Scrapyard | Discovered new exit (range 0) 1 | -11/Scrapyard | Entered Materials 30 | -10/Materials | Discovered new exit (range 16) 38 | -10/Materials | Entered another Materials area 38 | -9/Materials | Evolved 2 slots: Utility x2 139 | -9/Materials | Core integrity fell below 50% 150 | -9/Materials | Core integrity fell below 20% 154 | -9/Materials | Destroyed self via exploding Fusion Modulator Last Messages --------------- 00138_ T-07 Excavator is excavating. 00139_ Slammed into G-34 Mercenary. 00141_ Acquired Mni. Grenade Launcher. 00142_ T-07 Excavator is excavating. 00144_ Acquired Mni. Grenade Launcher. 00144_ ALERT: Hostiles spotted, dispatching reinforcements to Terminal M009. 00145_ T-07 Excavator is excavating. 00146_ O-16 Technician: "IFF HANDSHAKE FAILED. SECURING TERMINAL." 00147_ R-06 Scavenger destroyed. 00148_ System corrupted: Energy discharge (-23). 00149_ Triggered EMP Trap. 00149_ A bubble of electromagnetic force engulfs the area. 00149_ EMP Trap short circuited. 00149_ Door malfunctions. 00149_ A bubble of electromagnetic force engulfs the area. 00151_ K-01 Serf collects debris. 00152_ ALERT: Hostiles spotted, dispatching reinforcements to Terminal M011. 00154_ Fusion Modulator explodes. Map ----- +----------------------------------------------------+ | ????????????????????????????????????????????????? | | ????????????????????????????????????????????????? | | ????????????????????????????????????????????????? | | ????????????????????????????????????????????????? | | ????????????????????????????????????????????????? | | ????????????????????????????????????????????????? | | ????????????????????????????????????????????????? | | ????????????????????????????????????????????????? | | ????????????????????????????????????????????????? | | ????????????????????????????????????????????????? | | ????????????????????????????????????????????????? | | ????????????????????????????????????????????????? | | ????????????????????????????????????????????????? | | ???????????#?##?????????????????????????????????? | | ?????????? ## ##????????????????????????????????? | | ?????????? # ?????????????????????????????????? | | ?????????? + T ?????????????????????????????????? | | ?????????? # ??????########???????????????????? | | ?????????? ## #??????# = #???????????????????? | | ?????????? ## ###???## #???????????????????? | | ???#######+## # #??##; #???????????????????? | | ???# ^ ???# ; #???????????????????? | | ???# #?????#; #??????? ??????????? | | ####??# #?????#; #??? ??????????? | | # ?# ######;#; #k =]????????? | | # # @%* ????????? | | # # ]]] u ????????? | | # /% ]g]Y ####???????????? | | # #%#T#######/#### #####??????????????? | | # ??# ###???? ?? ######??????????????????? | | # ????# #???? ? #???????????????????????? | | ??????# #???""" """ "" #???????????????????????? | | ??????# #?# """ """ """#???????????????????????? | | ????### ### """ """ S"#???????????????????????? | | ????# #? #???????????????????????? | | ????# #??############???????????????????????? | | ????# #???# #????????????????????????? | | ????# #???# """"" #????????????????????????? | | ????# #???# """"" #????????????????????????? | | ????## ##???# """"" %#???#####????????????????? | | ?????# #????# """"" #???# ????????????????? | | ?????# #????# """"" #???# #??????????????? | | ?????# +????# """"" #???# """ #??????????????? | | ?????# #????# """"" #???# """ #??????????????? | | ?????# #????# #???# """ #??????????????? | | ????## #????#####+####???# #??????????????? | | ????# #??????# ###### "" #??????????????? | | ????# #??????# # """ #??????????????? | | ????# #??????# + S" #??????????????? | | ????# #??????# # """ #??????????????? | +----------------------------------------------------+ Best States ------------- Heat Dissipation 28 Energy Generation 10 Energy Capacity 125 Matter Stores 300 Matter Capacity 300 Sight Range 16 Terrain Scan Density 10 Weapon Shielding 33 Evasion (%) 53 Item Schematics ----------------- None Robot Schematics ------------------ None Fabricated ------------ Nothing Alien Tech Used ----------------- None Achievements -------------- None Challenges ------------ None Game ------ Seed ShrapnelActuatorAccelerator Manual? 0 Play Time 00:04:10 Cumulative 159.4 hours Start 2022.05.02 @ 14:49:21 End 2022.05.02 @ 14:51:54 Sessions 1 Manual Loads 0 Difficulty Rogue Special Mode None Game No. 258 Rogue 257 Adventurer 0 Explorer 1 Win Type - Total 7 Types 7/0/0/0/0/0/0/0/0 Lore% 60 Gallery% 63 Achievement% 53 Wizard Run 0 Options --------- ASCII 1 Keyboard 0 Movement Vi Keybinds 0 Fullscreen 1 Font 18/SmallcapsGlow Map View 76x50 Tactical HUD 1 Map Filters NONE Filters NONE Steam 1 RUN: 6abfea81-94c7-48e3-8567-a621d5e44436